 Dungeon Crawl Stone Soup version 0.27.1 (webtiles) character file.

Game seed: 5643258428682867806

52 horus123 the Skirmisher (level 3, 0/30 HPs)
             Began as a Demonspawn Abyssal Knight on Aug 22, 2021.
             Was a Believer of Lugonu.
             Succumbed to an adder's poison
             ... on level 2 of the Dungeon.
             The game lasted 00:02:18 (1411 turns).

horus123 the Skirmisher (Demonspawn Abyssal Knight) Turns: 1411, Time: 00:02:18

Health: 0/30       AC:  3    Str: 18    XL:     3   Next: 60%
Magic:  5/5        EV: 11    Int: 14    God:    Lugonu [**....]
Gold:   57         SH:  0    Dex: 12    Spells: 2/2 levels left

rFire    . . .     SeeInvis .   a - +1 falchion
rCold    . . .     Faith    .   (no shield)
rNeg     . . .     Spirit   .   b - +0 leather armour
rPois    .         Reflect  .   (no helmet)
rElec    .         Harm     .   (no cloak)
rCorr    .         Rampage  .   (no gloves)
Will     .....                  (no boots)
Stlth    +.........             (no amulet)
HPRegen  0.10/turn              f - +6 ring of strength
MPRegen  0.18/turn              (no ring)

@: lethally poisoned (0 -> -5), hasted, very quick
A: magic regeneration
a: Renounce Religion, Depart the Abyss, Bend Space


You were on level 2 of the Dungeon.
You worshipped Lugonu.
Lugonu was pleased with you.
You visited 1 branch of the dungeon, and saw 2 of its levels.
You visited the Abyss 1 time.

You collected 57 gold pieces.

Inventory:

Hand Weapons
 a - a +1 falchion (weapon)
Armour
 b - a +0 leather armour (worn)
 c - a +0 ring mail
Jewellery
 f - a +6 ring of strength (left hand)
Scrolls
 d - 2 scrolls of teleportation


   Skills:
 * Level 4.0 Fighting
 + Level 2.1 Long Blades
 + Level 1.8 Armour
 + Level 1.1 Dodging
 + Level 0.1 Stealth
 * Level 0.4 Spellcasting
 * Level 2.9 Invocations


You had 2 spell levels left.
You didn't know any spells.
Your spell library was empty.

Dungeon Overview and Level Annotations

Branches:
Dungeon (2/15)

Altars:


Innate Abilities, Weirdness & Mutations

You regenerate magic rapidly.


Message History

The ball python barely misses you.
You hit the ball python.
You kill the ball python!
Lugonu accepts your kill. The adder bites you.
You closely miss the adder. The adder bites you.
You are poisoned.
The adder poisons you!
You hit the adder.
The adder is lightly wounded.
You feel sick. The adder barely misses you. The adder bites you.
You are more poisoned.
The adder poisons you!
You hit the adder.
The adder is heavily wounded.
You feel sick. The adder bites you.
You closely miss the adder.
The adder is heavily wounded.
You feel sick. The adder barely misses you. The adder closely misses you.
You closely miss the adder.
The adder is heavily wounded.
You feel sick. The adder bites you.
* * * LOW HITPOINT WARNING * * *
You are lethally poisoned!
The adder poisons you!
You barely miss the adder.
The adder is heavily wounded.
* * * LOW HITPOINT WARNING * * *
You feel sick.
The adder bites you but does no damage. x2
You slash the adder!
You kill the adder!
Lugonu accepts your kill.
* * * LOW HITPOINT WARNING * * *
You feel very sick.
Your Fighting skill increases to level 4!
* * * LOW HITPOINT WARNING * * *
You feel sick.
You see here an adder corpse.
It was a potion of haste.
You feel yourself speed up.
You die...

#................#
#.#.#.#.......##.#
#..........<.....#
..#.#.#.......#..#
..............#..#
#.#.#.#......##..#
............####.#
#...##...#### #.#
#...###### #@#
#.....#### #.#
.........# #..
#####..... ....
###.. #.### . #.#
###


There were no monsters in sight!

Vanquished Creatures
  2 adders (D:2)
  2 worms (D:2)
  2 bats (D:1)
  4 endoplasms (D:1)
  4 giant cockroaches
  2 goblins (D:1)
  3 hobgoblins
  3 ball pythons
  2 frilled lizards
  2 kobolds (D:1)
26 creatures vanquished.

Notes
Turn   | Place    | Note
-------+----------+-------------------------------------------
     0 | Abyss:1  | horus123 the Demonspawn Abyssal Knight began the quest for
                  | the Orb.
     0 | Abyss:1  | Reached XP level 1. HP: 18/18 MP: 2/2
    12 | D:1      | Escaped the Abyss
   310 | D:1      | Gained mutation: You regenerate magic rapidly. [demonic
                  | ancestry]
   310 | D:1      | Reached XP level 2. HP: 24/24 MP: 3/3
  1034 | D:1      | Reached ** piety under Lugonu
  1238 | D:2      | Reached skill level 1 in Dodging
  1238 | D:2      | Reached XP level 3. HP: 21/30 MP: 5/5
  1409 | D:2      | HP: 1/30 [poisoned by an adder]
  1410 | D:2      | Reached skill level 4 in Fighting
  1411 | D:2      | Succumbed to an adder's poison

Illustrated notes

Levels and vault maps discovered:
D:1:      saegor_arrival_simple_d, layout_loops_corners, minmay_misc_feat_chi
D:2:      layout_rooms, serial_glass, glass_columns_b, glass_columns_b,
          minmay_strange_pillars

Skill      XL: |  1  2  3 |
---------------+----------+-----
Dodging        | 1 |  1.1
Long Blades    | 2 |  2.1
Fighting       | 4 |  4.0
Armour         | |  1.8
Stealth        | |  0.1
Spellcasting   | |  0.4
Invocations    | |  2.9

Action                   || total
-------------------------++-------
Melee: Falchion          ||    69
Invok: Bend Space        ||     1
  Use: Scroll            ||     5
       Potion            ||     2
 Stab: Sleeping          ||     1
Armor: Leather armour    ||    21
Dodge: Dodged            ||    31
       Rpst.: Falchion   ||     9
